 Dungeon Crawl Stone Soup version 0.30.0-29-ga12c61a403 (webtiles) character file.

Game seed: 267485054892664190

8036 Quinzaine the Covert (level 11, -7/79 (92) HPs)
             Began as a Green Draconian Gladiator on June 18, 2023.
             Was a High Priest of Ru.
             Mangled by a death yak (18 damage)
             ... on level 9 of the Dungeon.
             The game lasted 00:26:52 (7233 turns).

Quinzaine the Covert (Green Draconian Gladiator)    Turns: 7233, Time: 00:26:56

HP:   -7/79 (92)    AC:  7    Str: 16    XL:     11   Next: 4%
MP:   8/8           EV: 15    Int: 12    God:    Ru [*****.]
Gold: 119           SH:  0    Dex: 14    Spells: 10/10 levels left

rFire   x . .        s - +2 trident (flame)
rCold   + . .        (shield unavailable)
rNeg    . . .        (body armour unavailable)
rPois   +            b - +0 hat
rElec   .            (no cloak)
rCorr   .            (no gloves)
SInv    .            (no boots)
Will    .....        j - amulet of regeneration
Stlth   ++++         (ring unavailable)
HPRegen 1.13/turn    n - ring of ice
MPRegen 0.11/turn

%: random rage (3%)
@: short of breath, on berserk cooldown, slowed, heavily drained, very slow
A: breathe noxious fumes, AC +7, unfitting armour, poison resistance,
cold-blooded, missing a hand, inability to use devices, missing an eye, talons
1, berserk 1, low MP 2, noise suppression
a: Breathe Noxious Fumes, Renounce Religion, Draw Out Power, Power Leap,
Apocalypse


You were on level 9 of the Dungeon.
You worshipped Ru.
Ru was extremely pleased with you.
You visited 1 branch of the dungeon, and saw 9 of its levels.

You collected 493 gold pieces.
You spent 374 gold pieces at shops.

Inventory:

Hand Weapons
 s - a +2 trident of flaming (weapon)
 t - a +1 short sword of electrocution
Missiles
 a - 4 boomerangs (quivered)
 q - a curare-tipped dart
Armour
 b - a +0 hat (worn)
Jewellery
 f - a ring of fire
 j - an amulet of regeneration (around neck)
 n - a ring of ice (right hand)
 p - a ring of protection from fire
 v - a +6 ring of intelligence
 C - a ring of resist corrosion
 G - a +6 ring of dexterity
Scrolls
 c - a scroll of fear {unknown}
 d - 3 scrolls of amnesia {unknown}
 g - a scroll of silence
 h - a scroll of magic mapping
 o - a scroll of torment
 w - 4 scrolls of noise
 y - 2 scrolls of vulnerability
 z - 2 scrolls of fog
 A - 3 scrolls of teleportation
 B - 3 scrolls of enchant weapon {unknown}
 D - 2 scrolls of immolation
Potions
 e - 3 potions of degeneration {unknown}
 i - a potion of lignification {unknown}
 k - 2 potions of haste
 m - 3 potions of ambrosia
 r - a potion of heal wounds {unknown}
 u - a potion of cancellation {unknown}
 x - 2 potions of brilliance {unknown}
 E - a potion of magic {unknown}
 F - a potion of flight


   Skills:
 * Level 7.0 Fighting
 * Level 7.7(7.8) Short Blades
 - Level 0.7(4.8) Long Blades
 * Level 2.1(3.7) Polearms
 - Level 4.8(5.0) Staves
 * Level 5.4 Throwing
 * Level 7.4 Dodging
 * Level 8.7 Stealth


You had 10 spell levels left.
You didn't know any spells.
Your spell library contained the following spells:

 Spells                   Type           Power      Damage    Failure   Level
 Kiss of Death            Conj/Necr      0%         2d5       32%         1
 Summon Small Mammal      Summ           0%         N/A       32%         1
 Call Canine Familiar     Summ           0%         N/A       69%         3
 Confusing Touch          Hex            0%         N/A       69%         3
 Summon Guardian Golem    Hex/Summ       0%         N/A       69%         3
 Dispel Undead            Necr           0%         3d6       97%         4
 Blade Hands              Tmut           0%         N/A       100%        5
 Iron Shot                Conj/Erth      0%         9d1       100%        6
 Animate Armour           Summ/Erth      Unusable   N/A       N/A         4

Dungeon Overview and Level Annotations

Branches:
Dungeon (9/15)             Temple (0/1) D:7
   Lair: D:8-11         Orc: D:9-12

Altars:
Ashenzari
Qazlal
Ru
Trog

Shops:
D:6 [   D:8 !


Innate Abilities, Weirdness & Mutations

You can breathe blasts of noxious fumes.
Your lurid green scales are hard. (AC +7)
You cannot fit into any form of body armour.
Your system is resistant to poisons. (rPois)
You are cold-blooded and may be slowed by cold attacks.
You are missing a hand.
You cannot study or use magical devices.
You are missing an eye, making it more difficult to aim.
You have sharp toenails.
You sometimes lose your temper in combat.
Your magical capacity is very low. (-20% MP)
You passively dampen the noise of your surroundings.


Message History

The helpless death yak fails to defend itself.
You puncture the death yak! You burn the death yak.
You claw the death yak, but do no damage.
The death yak is heavily wounded.
The helpless death yak fails to defend itself.
You hit the death yak but do no damage.
You claw the death yak, but do no damage.
The death yak is moderately wounded.
The helpless death yak fails to defend itself.
You hit the death yak. You burn the death yak. Your kick misses the death yak.
The death yak is heavily wounded.
The helpless death yak fails to defend itself.
You puncture the death yak! You burn the death yak. You claw the death yak.
You tail-slap the death yak, but do no damage.
The death yak is severely wounded.
The death yak is no longer paralysed.
The death yak gores you!!
* * * LOW HITPOINT WARNING * * *
The death yak snorts and paws the ground.
The death yak closely misses you.
You hit the death yak. You burn the death yak. Your kick misses the death yak.
The death yak is severely wounded.
The death yak barely misses you.
You completely miss the death yak.
The death yak is severely wounded.
The death yak gores you but does no damage.
The death yak closely misses you.
You barely miss the death yak. Your kick misses the death yak.
The death yak is severely wounded.
The death yak misses you.
The death yak is stunned by your conviction and fails to attack.
You closely miss the death yak. You claw the death yak.
The death yak is severely wounded.
The death yak misses you.
You barely miss the death yak. Your kick misses the death yak.
The death yak is severely wounded.
The death yak gores you!
* * * LOW HITPOINT WARNING * * *
A centaur comes into view.
The death yak gores you!!
You die...

.. .# ###########........
#.. #.##.... .............
..##..#...# #.......##..
...?.....# #......####.
#..#....####.......##..
###.#......(...........#
...#................).....#
...................[.###...
........#.@Y..........##...
~~~.~...##.#..>.†<.........
~~~~......##.....c...##.#..
~~~~...... #.....##.###....
~~≈~......#.....##### .....
~~~.............# .....§
..~.............. .#. ..
.............. .#.....


You could see a death yak and a centaur (wandering).

Vanquished Creatures
  A two-headed ogre (D:9)
  A death yak (D:8)
  The ghost of Sabo the Gusty, a novice DrAE of Vehumet (D:8)
  The ghost of Drain the Conjurer, a novice HuCj (D:6)
  A cyclops (D:7)
  Sigmund (D:4)
  7 yaks
  A wyvern (D:8)
  A steam dragon (D:8)
  2 unseen horror simulacra (D:9)
  Menkaure (D:4)
  A water moccasin (D:6)
  Duvessa (D:7)
  3 orc warriors
  7 ice beasts
  An ogre (D:4)
  5 centaurs
  A wolf (D:9)
  Blork the orc (D:4)
  2 kobold brigands (D:9)
  2 bullfrogs
  2 scorpions (D:6)
  2 gnoll sergeants
  Dowan (D:7)
  An electric eel (D:9)
  A howler monkey (D:4)
  4 hounds
  9 orc priests
  Crazy Yiuf (D:3)
  3 jellies
  Jessica (D:3)
  2 iguanas
  10 orc wizards
  Ijyb (D:3)
  3 killer bee simulacra
  Robin (D:3)
  11 gnolls
  6 adders
  A shadow imp (D:6)
  8 white imps
  3 ufetubi
  2 worms
  3 dart slugs
  32 orcs
  6 ball pythons
  5 endoplasms
  2 giant cockroaches
  8 goblins
  9 hobgoblins
  3 bats (D:1)
  4 frilled lizards
  14 kobolds
  4 rats
205 creatures vanquished.

Vanquished Creatures (collateral kills)
  An orc priest (D:5)
1 creature vanquished.

Vanquished Creatures (others)
  A bullfrog (D:8)
  An orc (D:6)
2 creatures vanquished.

Grand Total: 208 creatures vanquished

Notes
Turn   | Place    | Note
-------+----------+-------------------------------------------
     0 | D:1      | Quinzaine the Draconian Gladiator began the quest for the
                  | Orb.
     0 | D:1      | Reached XP level 1. HP: 17/17 MP: 1/1
   253 | D:1      | Reached XP level 2. HP: 20/24 MP: 2/2
   292 | D:2      | Identified the +2 chain mail of Tidamnarhet {rC+ rN+ SInv}
   631 | D:2      | Reached XP level 3. HP: 26/29 MP: 3/3
   675 | D:3      | Found a broken altar of Ashenzari.
   675 | D:3      | Found a stormy altar of Qazlal.
   676 | D:3      | Found a sacrificial altar of Ru.
   687 | D:3      | Became a worshipper of Ru the Awakened
   821 | D:3      | Noticed Robin
   830 | D:3      | Reached skill level 1 in Polearms
   851 | D:3      | Killed Robin
   909 | D:3      | Reached XP level 4. HP: 37/37 MP: 4/4
   954 | D:3      | Found a runed translucent door.
   955 | D:3      | Noticed Crazy Yiuf
   967 | D:3      | Killed Crazy Yiuf
  1094 | D:3      | Noticed Ijyb
  1096 | D:3      | Paralysed by Ijyb for 2 turns
  1106 | D:3      | Killed Ijyb
  1209 | D:3      | Noticed Jessica
  1217 | D:3      | Killed Jessica
  1218 | D:3      | Reached skill level 1 in Stealth
  1218 | D:3      | Reached XP level 5. HP: 42/42 MP: 5/5
  2001 | D:1      | Gained mutation: You are missing a hand. [Ru sacrifice]
  2001 | D:1      | Reached * piety under Ru
  2001 | D:1      | Reached ** piety under Ru
  2189 | D:4      | Noticed an ogre
  2203 | D:4      | Killed an ogre
  2217 | D:4      | Noticed Blork the orc
  2231 | D:4      | Killed Blork the orc
  2232 | D:4      | Reached XP level 6. HP: 29/51 MP: 6/6
  2276 | D:4      | Noticed Sigmund
  2286 | D:4      | Killed Sigmund
  2287 | D:4      | Reached skill level 2 in Stealth
  2287 | D:4      | Reached skill level 1 in Evocations
  2309 | D:4      | Reached skill level 1 in Short Blades
  2428 | D:4      | Noticed Menkaure
  2440 | D:4      | Killed Menkaure
  2441 | D:4      | Your scales start taking on a lurid green colour.
  2441 | D:4      | Reached XP level 7. HP: 22/58 MP: 7/7
  2441 | D:4      | Gained mutation: Your system is resistant to poisons.
                  | (rPois) [Green Draconian growth]
  2772 | D:5      | Entered Level 5 of the Dungeon
  2831 | D:5      | Reached skill level 3 in Stealth
  3195 | D:5      | Reached XP level 8. HP: 66/66 MP: 8/8
  3502 | D:6      | Reached skill level 4 in Stealth
  3793 | D:6      | Gained mutation: You cannot study or use magical devices.
                  | [Ru sacrifice]
  3793 | D:6      | Reached *** piety under Ru
  3793 | D:6      | Reached **** piety under Ru
  3793 | D:6      | Reached ***** piety under Ru
  3917 | D:6      | Found Turambar's Dragon-Slaying Spoils.
  4052 | D:6      | Reached skill level 5 in Stealth
  4059 | D:6      | Found a runed translucent door.
  4061 | D:6      | Noticed Drain's ghost (novice HuCj)
  4077 | D:6      | Killed Drain's ghost
  4078 | D:6      | Reached skill level 5 in Dodging
  4078 | D:6      | Reached XP level 9. HP: 57/73 MP: 0/9
  4085 | D:6      | Identified the +3 battleaxe "Amaschups" {heavy, +Blink rF+
                  | Will+ Dex+3}
  4595 | D:7      | Reached skill level 5 in Fighting
  4603 | D:7      | Reached skill level 6 in Stealth
  4788 | D:7      | Found a staircase to the Ecumenical Temple.
  4815 | D:7      | Noticed Dowan
  4818 | D:7      | Noticed Duvessa
  4830 | D:7      | Killed Dowan
  4844 | D:7      | Killed Duvessa
  4885 | D:7      | Noticed a cyclops
  4895 | D:7      | Killed a cyclops
  4896 | D:7      | Reached skill level 5 in Short Blades
  5349 | D:7      | Reached skill level 7 in Stealth
  5661 | D:8      | Gained mutation: You are missing an eye, making it more
                  | difficult to aim. [Ru sacrifice]
  5802 | D:8      | Noticed Sabo's ghost (novice DrAE)
  6055 | D:8      | Found a runed translucent gate.
  6055 | D:8      | Found a runed translucent gate.
  6055 | D:8      | Found a runed translucent gate.
  6094 | D:8      | Found a bloodstained altar of Trog.
  6155 | D:8      | Reached XP level 10. HP: 63/83 MP: 1/10
  6366 | D:8      | Found Archif's Distillery.
  6380 | D:8      | Bought a potion of berserk rage for 55 gold pieces
  6380 | D:8      | Bought a potion of ambrosia for 88 gold pieces
  6380 | D:8      | Bought a potion of flight for 33 gold pieces
  6380 | D:8      | Bought a potion of haste for 110 gold pieces
  6380 | D:8      | Bought a potion of mutation for 88 gold pieces
  6380 | D:8      | Gained mutation: You expend magic power (3 MP) to
                  | strengthen your wands. [potion of mutation]
  6380 | D:8      | Gained mutation: Your magical capacity is low. (-10% MP)
                  | [potion of mutation]
  6380 | D:8      | Gained mutation: Your magical capacity is very low. (-20%
                  | MP) [potion of mutation]
  6380 | D:8      | Gained mutation: You have a somewhat thin skeletal
                  | structure. (Dex +2, Stealth+) [potion of mutation]
  6381 | D:8      | Lost mutation: You have a somewhat thin skeletal structure.
                  | (Dex +2, Stealth+) [potion of mutation]
  6381 | D:8      | Lost mutation: You expend magic power (3 MP) to strengthen
                  | your wands. [potion of mutation]
  6381 | D:8      | Gained mutation: You sometimes lose your temper in combat.
                  | [potion of mutation]
  6381 | D:8      | Gained mutation: You have sharp toenails. [potion of
                  | mutation]
  6381 | D:8      | Gained mutation: You passively dampen the noise of your
                  | surroundings. [potion of mutation]
  6505 | D:8      | Killed Sabo's ghost
  6547 | D:8      | Reached skill level 8 in Stealth
  6674 | D:9      | Noticed a death yak
  6737 | D:8      | Killed a death yak
  6738 | D:8      | Reached skill level 5 in Throwing
  7141 | D:9      | Noticed a two-headed ogre
  7153 | D:9      | Killed a two-headed ogre
  7154 | D:9      | Reached XP level 11. HP: 55/75 MP: 0/8
  7199 | D:9      | Noticed a death yak
  7233 | D:9      | Mangled by a death yak

Illustrated notes

Levels and vault maps discovered:
D:1:      psy_arrival_fountain, layout_rooms
D:2:      layout_basic
D:3:      minmay_skewed_foursquare, layout_loops_ring,
          chequers_temple_overflow_statue_of_worship,
          chequers_serial_rivers_marsh, kennysheep_small_spiral, uniq_jessica,
          uniq_robin, uniq_ijyb, uniq_crazy_yiuf_cottage
D:4:      layout_gridville, uniq_blork_the_orc, uniq_menkaure, uniq_sigmund
D:5:      layout_basic, minmay_misc_feat_x
D:6:      layout_basic, ebering_ghost_inner_flame, nicolae_shop_dragon_depot,
          hex_tiny
D:7:      layout_basic, minmay_temple_entry_tees, uniq_duvessa
D:8:      layout_gridville, trog_three_pillars_becter, gammafunk_ghost_icy,
          serial_shops, nicolae_shop_stone
D:9:      kennysheep_blocky_room, layout_cave_pools, serial_ice, serial_ice_j,
          serial_ice_g, serial_ice_f, serial_ice_d, serial_ice_b, serial_ice_a,
          serial_ice_o, serial_ice_h, serial_ice_m, serial_ice_e

Skill      XL: |  1  2  3  4  5  6  7  8  9 10 11 |
---------------+----------------------------------+-----
Dodging        | 3 4 5 6 7 |  7.4
Polearms       | 1 2 |  2.1
Throwing       | 2 3 4 5 |  5.4
Staves         | 4 |  4.8
Stealth        | 1 2 3 5 7 8 |  8.7
Fighting       | 3 4 5 6 7 |  7.0
Evocations     | 1 2 0 |  0.0
Short Blades   | 1 2 4 6 7 |  7.7
Long Blades    | |  0.7

Action                     |  1- 3 |  4- 6 |  7- 9 | 10-12 || total
---------------------------+-------+-------+-------+-------++-------
  Melee: Quarterstaff      |   110 |    28 |       |       ||   138
         Tailslap          |    13 |     8 |    30 |    15 ||    66
         Long sword        |       |    17 |       |       ||    17
         Short sword       |       |    26 |   251 |   131 ||   408
         Kick              |       |       |       |    47 ||    47
         Trident           |       |       |       |    45 ||    45
  Throw: Throwing net      |       |     7 |       |       ||     7
         Javelin           |       |     1 |       |       ||     1
         Boomerang         |       |       |     3 |     1 ||     4
 Invoke: Sacrifice a Hand  |       |     1 |       |       ||     1
         Apocalypse        |       |       |     3 |     5 ||     8
         Sacrifice Artific |       |       |     1 |       ||     1
         Power Leap        |       |       |     2 |     2 ||     4
         Sacrifice an Eye  |       |       |     1 |       ||     1
Ability: Breathe Noxious F |       |       |    20 |     8 ||    28
  Evoke: Wand              |       |     1 |     1 |       ||     2
    Use: Scroll            |     1 |     6 |     3 |     2 ||    12
         Potion            |       |       |     3 |     5 ||     8
   Stab: Sleeping          |       |     2 |    11 |       ||    13
         Paralysed         |       |     3 |     2 |    10 ||    15
         Invisible         |       |       |     4 |     1 ||     5
         Confused          |       |       |     6 |     1 ||     7
         Distracted        |       |       |     1 |     1 ||     2
 Armour: Skin              |    50 |    13 |    69 |    38 ||   170
  Dodge: Dodged            |   100 |    34 |   160 |   113 ||   407
